 Dungeon Crawl Stone Soup version 0.23-a0-808-gd21de94 (webtiles) character file.

142 silenth the Cudgeler (level 5, -5/40 HPs)
             Began as a Demonspawn Gladiator on Jan 20, 2019.
             Killed by divine providence
             ... invoked by an orc priest
              (16 damage)
             ... on level 3 of the Dungeon.
             The game lasted 00:03:38 (2301 turns).

silenth the Cudgeler (Demonspawn Gladiator)         Turns: 2301, Time: 00:03:38

Health: -5/40      AC:  4    Str: 14    XL:     5   Next: 3%
Magic:  5/5        EV: 12    Int: 10    God:
Gold:   118        SH:  0    Dex: 15    Spells: 4/4 levels left

rFire    . . .     SeeInvis .   o - +1 war axe (chop)
rCold    . . .     Gourm    .   f - +0 buckler
rNeg     . . .     Faith    .   b - +0 leather armour
rPois    .         Spirit   .   (helmet restricted)
rElec    .         Reflect  .   h - +0 cloak
rCorr    .         Harm     .   (no gloves)
MR       .....                  (no boots)
Stlth    +.........             (no amulet)
HPRegen  0.13/turn              (no ring)
MPRegen  0.09/turn              (no ring)

@: confused
A: horns 2, spiny 1
a: no special abilities


You were on level 3 of the Dungeon.
You were hungry.

You visited 1 branch of the dungeon, and saw 3 of its levels.

You collected 118 gold pieces.

Inventory:

Hand Weapons
 a - a +0 flail
 o - a +1 war axe of chopping (weapon)
Missiles
 d - 3 throwing nets (quivered)
Armour
 b - a +0 leather armour (worn)
 c - a +0 helmet
 f - a +0 buckler (worn)
 h - a +0 cloak (worn)
Wands
 j - a wand of flame (15)
Scrolls
 g - a scroll of fear {unknown}
 i - a scroll of immolation {unknown}
 l - a scroll of amnesia {unknown}
 r - 2 scrolls of remove curse
Potions
 k - a potion of heal wounds {unknown}
 n - a potion of might
 p - a potion of mutation {unknown}
 q - a potion of curing {unknown}
Comestibles
 e - 4 rations


   Skills:
 + Level 2.9 Fighting
 * Level 1.4(2.6) Axes
 - Level 3.2(3.4) Maces & Flails
 - Level 1.7 Throwing
 - Level 2.6 Dodging
 + Level 1.0 Stealth
 * Level 2.4 Shields


You had 4 spell levels left.
You didn't know any spells.
Your spell library was empty.

Dungeon Overview and Level Annotations

Branches:
Dungeon (3/15)

Altars:

Annotations:
D:3 Grinder


Innate Abilities, Weirdness & Mutations

You have a pair of horns on your head.
You are partially covered in sharp spines.


Message History

The orc wizard gestures wildly while chanting.
The orc wizard flickers and vanishes!
Deactivating autopickup; reactivate with Ctrl-A.
You're too confused to move!
You bump into the rock wall.
Something hits you but does no damage.
You bump into the rock wall.
Something hits you but does no damage.
You're too confused to move!
Something hits you but does no damage.
You feel less confused.
You miss something. You headbutt something. Something hits you.
* * * LOW HITPOINT WARNING * * *
You hear some strange, mumbled words.
You are confused.
You bump into the rock wall.
You barely miss something. Your headbutt misses something.
Something completely misses you.
Okay, then.
You bump into the rock wall.
The orc priest mumbles some strange prayers to Beogh against you.
Beogh smites you!
You die...

####†#.####.## #..#
#..#.###...###..#
#)##÷##.....##..#
#(#.)........#..######..
#÷.)....................
#.....(......##.######..
#..#.##.....###.#
...............#.#
###..#..........@.#
#..##########o### #..#
#{# #..# #o# #.# #o###
#g..# ###o# #o#


You could see an orc priest, 2 orcs and a goblin.

Vanquished Creatures
  Robin (D:3)
  4 adders (D:2)
  4 oozes
  A worm (D:2)
  A dart slug (D:2)
  A leopard gecko (D:3)
  2 orcs (D:3)
  4 giant cockroaches
  10 hobgoblins
  4 bats
  3 frilled lizards
  20 goblins
  4 kobolds
  8 rats
67 creatures vanquished.

Notes
Turn   | Place    | Note
-------+----------+-------------------------------------------
     0 | D:1      | silenth the Demonspawn Gladiator began the quest for the
                  | Orb.
     0 | D:1      | Reached XP level 1. HP: 16/16 MP: 1/1
   288 | D:1      | Gained mutation: You have a pair of small horns on your
                  | head. [demonic ancestry]
   288 | D:1      | Reached XP level 2. HP: 17/22 MP: 2/2
   384 | D:1      | Reached skill level 3 in Maces & Flails
   384 | D:1      | Reached skill level 1 in Shields
   757 | D:1      | Reached XP level 3. HP: 24/28 MP: 3/3
  1447 | D:2      | Gained mutation: You are partially covered in sharp spines.
                  | [demonic ancestry]
  1447 | D:2      | Reached XP level 4. HP: 30/34 MP: 4/4
  1553 | D:2      | Reached skill level 2 in Shields
  1567 | D:2      | Reached skill level 1 in Axes
  2041 | D:3      | Noticed Robin
  2066 | D:3      | Killed Robin
  2066 | D:3      | Reached skill level 1 in Stealth
  2066 | D:3      | Gained mutation: You have a pair of horns on your head.
                  | [demonic ancestry]
  2066 | D:3      | Reached XP level 5. HP: 22/40 MP: 5/5
  2286 | D:3      | Noticed Grinder
  2301 | D:3      | Killed from afar by an orc priest

Vault maps used:
D:1:      eino_arrival_cavern_d
D:3:      first_ration, makhleb_heckhound_becter, uniq_robin, uniq_grinder

Skill      XL: |  1  2  3  4 |
---------------+-------------+-----
Maces & Flails | 3 |  3.2
Shields        | 1 2 |  2.4
Axes           | 1 |  1.4
Stealth        | 1 |  1.0
Fighting       | |  2.9
Throwing       | |  1.7
Dodging        | |  2.6

Action                   |  1- 3 |  4- 6 || total
-------------------------+-------+-------++-------
Melee: Flail             |    69 |       ||    69
       Headbutt          |    13 |     7 ||    20
       War axe           |    38 |    45 ||    83
  Use: Scroll            |       |     3 ||     3
 Stab: Sleeping          |     1 |       ||     1
  Eat: Chunk             |     2 |     2 ||     4
Armor: Leather armour    |    34 |    13 ||    47
Dodge: Dodged            |    57 |    18 ||    75
Block: Buckler           |    25 |    10 ||    35

Table legend:
 A = Non-vault XP
 B = Vault XP
 C = Vault XP percentage of total XP
 D = Non-vault monster count
 E = Vault monster count
 F = Vault count percentage of total count
                 A         B        C        D         E       F
            +---------+---------+-------+---------+---------+-------
      Total |     166 |      37 |  18.2 |      55 |      12 |  17.9
            +---------+---------+-------+---------+---------+-------
        D:1 |      50 |       0 |   0.0 |      23 |       0 |   0.0
        D:2 |      98 |       0 |   0.0 |      23 |       0 |   0.0
        D:3 |      18 |      37 |  67.3 |       9 |      12 |  57.1
            +---------+---------+-------+---------+---------+-------
